 Dungeon Crawl Stone Soup version 0.27-a0-951-gae3e1deef5 (webtiles) character file.

Game seed: 16274629948819448142

44 Mesmaeker13 the Grave Robber (level 3, -1/24 HPs)
             Began as a Mummy Necromancer on Apr 11, 2021.
             Slain by a killer bee zombie (4 damage)
             ... on level 3 of the Dungeon.
             The game lasted 00:02:17 (2060 turns).

Mesmaeker13 the Grave Robber (Mummy Necromancer)    Turns: 2060, Time: 00:02:18

Health: -1/24      AC:  2    Str: 11    XL:     3   Next: 41%
Magic:  8/8        EV: 12    Int: 15    God:
Gold:   48         SH:  0    Dex: 12    Spells: 5/9 levels left

rFire    x . .     SeeInvis .   j - +1 short sword (elec)
rCold    + . .     Faith    .   (no shield)
rNeg     + + +     Spirit   .   a - +0 robe
rPois    ∞         Reflect  .   (no helmet)
rElec    .         Harm     .   (no cloak)
rCorr    .         Rampage  .   (no gloves)
Will     .....                  (no boots)
Stlth    ++........             (no amulet)
HPRegen  0.08/turn              (no ring)
MPRegen  0.11/turn              (no ring)

@: about to teleport
A: cold resistance 1, negative energy resistance 3, torment resistance 2,
unbreathing 1, heat vulnerability 1, no potions
a: no special abilities


You were on level 3 of the Dungeon.
You visited 1 branch of the dungeon, and saw 3 of its levels.

You collected 48 gold pieces.

Inventory:

Hand Weapons
 b - a +0 dagger
 c - a +1 whip of draining
 d - a +2 dagger of freezing
 j - a +1 short sword of electrocution (weapon)
Missiles
 k - 2 atropa-tipped darts
Armour
 a - a +0 robe (worn)
Wands
 m - a wand of polymorph (6)
Scrolls
 e - a scroll of blinking {unknown}
 f - a scroll of enchant weapon
 h - a scroll of fog {unknown}
 i - a scroll of amnesia {unknown}
 l - a scroll of identify


   Skills:
 + Level 2.2 Dodging
 - Level 1.5 Stealth
 + Level 3.5 Spellcasting
 + Level 4.4 Necromancy


You had 5 spell levels left.
You knew the following spells:

 Your Spells              Type           Power      Damage    Failure   Level
a - Pain                  Necr           64%        1d7       3%          1
b - Vampiric Draining     Necr           8%         2d7       9%          3

Your spell library contained the following spells:

 Spells                   Type           Power      Damage    Failure   Level
 Animate Skeleton         Necr           32%        N/A       3%          1
 Corona                   Hex            2%         N/A       19%         1
 Ensorcelled Hibernation  Hex/Ice        4%         N/A       28%         2
 Animate Dead             Necr           8%         N/A       30%         4
 Confusing Touch          Hex            2%         N/A       50%         3
 Dazzling Flash           Conj/Hex       4%         N/A       50%         3
 Tukima's Dance           Hex            2%         N/A       50%         3
 Agony                    Necr           16%        N/A       63%         5


Dungeon Overview and Level Annotations

Branches:
Dungeon (3/15)

Altars:

Shops:
D:1 ?[


Innate Abilities, Weirdness & Mutations

You are immune to poison.
Your flesh is cold resistant. (rC+)
You are immune to negative energy. (rN+++)
You are immune to unholy pain and torment.
You can survive without breathing.
You are vulnerable to heat. (rF-)
You do not drink.


Message History

There is a stone staircase leading up here.
Found a stone staircase leading down.
This spell is quite dangerous to cast!
Memorise Vampiric Draining, consuming 3 spell levels and leaving 5?
You start memorising the spell.
You continue memorising. x3
You finish memorising.
Spell assigned to 'b'.
As you read the scroll labelled LUEZ QOICKA, it crumbles to dust.
You feel strangely unstable.
It was a scroll of teleportation.
As you read the scroll labelled ETWEIR PEAXT, it crumbles to dust.
It is a scroll of identify.
f - a scroll of enchant weapon Your surroundings suddenly seem different.
Found a runed copper wand.
Found a stone staircase leading down.
An orc and a zombie come into view.
The orc shouts!
You hear a shout! x2
The killer bee zombie closely misses you.
You see here a wand of polymorph (6).
m - a wand of polymorph (6)
The killer bee zombie hits you.
An orc comes into view. It is wielding a +0 trident.
The killer bee zombie hits you. The killer bee zombie hits you.
Found 15 gold pieces.
Aiming: Polymorph
Press: ? - help, Shift-Dir - straight line, f - you That beam is likely to hit you.
Continue anyway?
Okay, then.
Unknown command.
As you read the scroll of teleportation, it crumbles to dust.
You feel strangely unstable.
The killer bee zombie barely misses you.
The killer bee zombie hits you.
Found a stone staircase leading up.
The killer bee zombie hits you.
* * * LOW HITPOINT WARNING * * *
An orc wizard comes into view. It is wielding a +0 dagger.
The orc wizard shouts!
An orc comes into view. It is wielding a +0 dagger.
The killer bee zombie hits you.
You die...

#....# #....# ##
.#######....#######.o
.....................
.....>...............
.....................
#.........o........#
#.........##Z.....<#
#.........###@.....#
#.........# #......#
#..................#
#..................#
#..................#
#.........###........
#.......... .......##
#######... ...o...+
#... ..


You could see an orc wizard, 2 orcs and a killer bee zombie.

Vanquished Creatures
  An adder (D:2)
  2 ball pythons (D:1)
  4 endoplasms
  2 giant cockroaches (D:2)
  3 goblins
  7 jackals
  A quokka (D:2)
  2 bats (D:2)
  2 frilled lizards
  6 kobolds
  2 rats
32 creatures vanquished.

Notes
Turn   | Place    | Note
-------+----------+-------------------------------------------
     0 | D:1      | Mesmaeker13 the Mummy Necromancer began the quest for the
                  | Orb.
     0 | D:1      | Reached XP level 1. HP: 13/13 MP: 4/4
   269 | D:1      | Reached XP level 2. HP: 11/19 MP: 0/6
   656 | D:1      | Found Xoel's Antique Armour Boutique.
   986 | D:1      | Found a faded altar of an unknown god.
  1004 | D:1      | Found Aneej's Magic Scroll Emporium.
  1426 | D:2      | Reached XP level 3. HP: 19/24 MP: 0/7
  2046 | D:3      | Learned a level 3 spell: Vampiric Draining
  2060 | D:3      | Slain by a killer bee zombie

Illustrated notes

Levels and vault maps discovered:
D:1:      mrwooster_arrival_statue_3, layout_loops_corners,
          basic_ecumenical_altar, serial_rivers, chequers_serial_rivers_micro_a,
          chequers_serial_rivers_room_b, chequers_serial_rivers_micro_c,
          chequers_serial_rivers_large_a, serial_shops, shop, shop_statue,
          minmay_strange_pillars, minmay_octomino_e4
D:2:      layout_rooms
D:3:      layout_basic, chequers_serial_rivers_micro_b

Skill      XL: |  1  2 |
---------------+-------+-----
Spellcasting   | 3 |  3.5
Dodging        | 2 |  2.2
Stealth        | |  1.5
Necromancy     | |  4.4

Action                   || total
-------------------------++-------
Melee: Whip              ||    24
 Cast: Pain              ||    57
  Use: Scroll            ||     3
Armor: Robe              ||     4
Dodge: Dodged            ||    34

Table legend: (Time is in decaauts)
 A = Elapsed time spent in this place.
 B = Non-inter-level travel time spent in this place.
 C = Inter-level travel time spent in this place.
 D = Time resting spent in this place.
 E = Time spent auto-exploring this place.
 F = Levels seen in this place.
 G = Mean time per level.
                   A        B        C        D        E       F      G
               +--------+--------+--------+--------+--------+-----+--------+
         Total |   2071 |   2060 |     11 |    605 |   1249 |   3 |  690.3 |
       Dungeon |   2071 |   2060 |     11 |    605 |   1249 |   3 |  690.3 |
               +--------+--------+--------+--------+--------+-----+--------+

Top non-repeatable levels by time:
     D:1: 1361 daAuts
     D:2: 683 daAuts
     D:3: 26 daAuts
